 Dungeon Crawl Stone Soup version 0.20-a0-45-gb3e417c (webtiles) character file.

87 Karnivor the Digger (level 4, -12/24 HPs)
             Began as a Gargoyle Earth Elementalist on Nov 12, 2016.
             Mangled by Crazy Yiuf
             ... wielding a +2 quarterstaff of chaos
              (15 damage)
             ... on level 2 of the Dungeon.
             The game lasted 00:06:40 (1975 turns).

Karnivor the Digger (Gargoyle Earth Elementalist)   Turns: 1975, Time: 00:06:41

Health: -12/24     AC:  6    Str:  9    XL:     4   Next: 51%
Magic:  2/7        EV: 12    Int: 16    God:
Gold:   200        SH:  0    Dex: 10    Spells: 2 memorised, 4 levels left

rFire  . . .     SeeInvis .     b - 62 stones
rCold  . . .     Gourm    .     c - +1 robe
rNeg   + . .     Faith    .     (no shield)
rPois  ∞         Spirit   .     (no helmet)
rElec  +         Reflect  .     (no cloak)
rCorr  .         Harm     .     (no gloves)
MR     .....                    (no boots)
Stlth  ++........               (no amulet)
                                (no ring)
                                m - -3 ring of strength (curse)

@: no status effects
A: negative energy resistance 1, electricity resistance, unbreathing,
petrification resistance, rot immunity, AC +3
a: no special abilities


You were on level 2 of the Dungeon.
You were not hungry.

You visited 1 branch of the dungeon, and saw 2 of its levels.

You collected 200 gold pieces.

Inventory:

Hand Weapons
 f - a +2 short sword of venom
Missiles
 b - 62 stones (in hand)
Armour
 c - a +1 robe (worn)
 k - a +2 large shield
Magical Staves
 q - an uncursed staff of wizardry
Jewellery
 m - a cursed -3 ring of strength (left hand)
Wands
 o - a wand of paralysis (20/24)
Scrolls
 j - 2 scrolls of blinking
Potions
 h - a potion of curing
 i - a potion of mutation
 l - 2 potions of flight
Books
 e - a book of Geomancy

   Spells                             Type                      Level
   a - Sandblast                      Earth                        1
   b - Passwall                       Transmutation/Earth          2
   c - Stone Arrow                    Conjuration/Earth            3
   d - Petrify                        Transmutation/Earth          4
   e - Lee's Rapid Deconstruction     Earth                        5
Comestibles
 a - a meat ration
 d - 2 bread rations
 g - a chunk of flesh


   Skills:
 * Level 2.9 Armour
 - Level 1.5 Dodging
 - Level 2.1 Stealth
 + Level 2.5 Spellcasting
 + Level 0.9 Conjurations
   Level 0.7 Transmutations
 + Level 4.3 Earth Magic


You had 4 spell levels left.
You knew the following spells:

 Your Spells              Type           Power        Failure   Level  Hunger
a - Sandblast             Erth           ###...       4%          1    #......
b - Stone Arrow           Conj/Erth      ##....       21%         3    ###....


Dungeon Overview and Level Annotations

Branches:
Dungeon (2/15)

Altars:

Annotations:
D:2 Crazy Yiuf


Innate Abilities, Weirdness & Mutations

You are resistant to torment.
Your stone body is resilient. (AC +3)
You are immune to poison.
You resist negative energy. (rN+)
You are resistant to electric shocks. (rElec)
You can survive without breathing.
You are immune to petrification.
You are immune to rotting.


Message History

Aiming: Sandblast
Press: ? - help, Shift-Dir - straight line, f/p - Crazy Yiuf
Aim: Crazy Yiuf, wielding a quarterstaff of chaos and wearing a cloak (moderately wounded, unusually strong)
The rocky blast hits Crazy Yiuf.
Crazy Yiuf is moderately wounded.
Crazy Yiuf hits you with a quarterstaff of chaos!!
Ouch! That really hurt!
* * * LOW HITPOINT WARNING * * *
Crazy Yiuf burns you.
* * * LOW HITPOINT WARNING * * *
Casting: Sandblast
Confirm with . or Enter, or press ? or * to list all spells.
Aiming: Sandblast
Press: ? - help, Shift-Dir - straight line, f/p - Crazy Yiuf
Aim: Crazy Yiuf, wielding a quarterstaff of chaos and wearing a cloak (moderately wounded, unusually strong)
The rocky blast hits Crazy Yiuf.
Crazy Yiuf is heavily wounded.
Crazy Yiuf hits you with a quarterstaff of chaos!
Ouch! That really hurt!
You die...

#........####
#.##........#######
#.#.......#....<..#
##........##########
## ..........# ##.
##.##.....# ##.#
##........# ####*
♣♣#### #.#.
.########.# #)..#♣♣
♣♣.#..####.. .# ##'#
#..g@.♣♣♣♣......# ##.
.# ##..#
#...#♣..♣.......####.
.# ##...#
####*♣♣♣.♣..#.#....(.
.# ##....#
♣♣♣♣♣####.###.
.####.....# ###.###.
.>..+...<.#####
#########.......
.####.........#
#.......###.###. .#
##.[...).## ##..###.#
#..... .# ##.....##
##.# #.# #####.


You could see Crazy Yiuf.

Vanquished Creatures
  3 adders (D:2)
  2 worms (D:2)
  A dart slug (D:1)
  2 leopard geckos
  6 goblins
  7 hobgoblins
  3 jackals (D:2)
  2 ball pythons (D:1)
  6 bats
  8 frilled lizards
  5 kobolds
  5 rats
50 creatures vanquished.

Notes
Turn   | Place    | Note
-------+----------+-------------------------------------------
     0 | D:1      | Karnivor the Gargoyle Earth Elementalist began the quest for the Orb.
     0 | D:1      | Reached XP level 1. HP: 10/10 MP: 3/3
   136 | D:1      | Reached skill level 1 in Armour
   186 | D:1      | Reached XP level 2. HP: 15/15 MP: 5/5
   419 | D:1      | Reached XP level 3. HP: 18/19 MP: 6/6
   818 | D:2      | Reached skill level 4 in Earth Magic
   871 | D:2      | Learned a level 3 spell: Stone Arrow
   963 | D:2      | Reached XP level 4. HP: 16/24 MP: 7/7
  1964 | D:2      | Found a runed door.
  1969 | D:2      | Noticed Crazy Yiuf
  1975 | D:2      | Mangled by Crazy Yiuf

Vault maps used:
D:1:      lemuel_arrival_behind_the_door_small
D:2:      kennysheep_generic_room_4, uniq_crazy_yiuf_cottage

Skill      XL: |  1  2  3 |
---------------+----------+-----
Armour         | 1 2 |  2.9
Earth Magic    | 4 |  4.3
Dodging        | |  1.5
Stealth        | |  2.1
Spellcasting   | |  2.5
Conjurations   | |  0.9
Transmutations | |  0.7

Action                   |  1- 3 |  4- 6 || total
-------------------------+-------+-------++-------
Melee: Short sword       |    70 |    15 ||    85
       Unarmed           |     1 |       ||     1
       Staff             |       |    10 ||    10
 Cast: Sandblast         |     4 |    32 ||    36
  Use: Scroll            |     5 |     4 ||     9
 Stab: Sleeping          |     3 |     1 ||     4
  Eat: Chunk             |       |     4 ||     4
Armor: Robe              |    24 |    22 ||    46
Dodge: Dodged            |    41 |    35 ||    76
